 Dungeon Crawl Stone Soup version 0.29.1-2-gbd0b4ee654 (webtiles) character file.

Game seed: 12546994370278220728

4392 croobank the Ducker (level 10, -4/68 HPs)
             Began as an Octopode Transmuter on Nov 19, 2022.
             Was an Initiate of Gozag.
             Slain by a troll (11 damage)
             ... on level 9 of the Dungeon.
             The game lasted 00:34:08 (11295 turns).

croobank the Ducker (Octopode Transmuter)          Turns: 11295, Time: 00:34:08

Health: -4/68      AC:  2    Str: 14    XL:     10   Next: 35%
Magic:  19/19      EV: 24    Int: 19    God:    Gozag
Gold:   258        SH:  0    Dex: 19    Spells: 11/21 levels left

rFire   + . .      SeeInvis .     - Unarmed
rCold   . . .      Faith    .   (shield currently unavailable)
rNeg    . . .      Spirit   .   (helmet currently unavailable)
rPois   .          Reflect  .   A - amulet of magic regeneration
rElec   .          Harm     .   q - ring "Bemiumma" {Fire Str+5}
rCorr   .          Rampage  .   B - ring of poison resistance
Will    .....                   D - ring of protection from cold
Stlth   ++........              (no ring)
HPRegen 0.21/turn               (no ring)
MPRegen 0.56/turn               (no ring)
                                (no ring)
                                (no ring)

@: spider-form, wereblooded
A: venomous fangs, almost no armour, (amphibious), 8 rings, tiny, (camouflage
1), (gelatinous body 1), (nimble swimmer 1), (tentacles)
a: End Transformation, Renounce Religion, Potion Petition, Call Merchant, Bribe
Branch


You were on level 9 of the Dungeon.
You worshipped Gozag.
Gozag was aware of your devotion.
You were a venomous arachnid creature.
You visited 1 branch of the dungeon, and saw 9 of its levels.

You collected 1186 gold pieces.
You spent 825 gold pieces at shops.
You paid 103 gold pieces to Gozag.

Inventory:

Hand Weapons
 a - a +3 whip of draining (melded)
 b - a +1 sling of flaming
 c - a +0 war axe
 o - a +0 morningstar
 t - a +3 dagger of venom
 v - a +0 broad axe
 w - a +3 trident
 G - a +0 scimitar
Missiles
 m - a throwing net
 C - a boomerang
Jewellery
 g - a ring of fire
 q - the ring "Bemiumma" (left front leg) {Fire Str+5}
   (You acquired it on level 7 of the Dungeon)

   [ring of fire]

   It enhances your fire magic.
   Str:       It affects your strength (+5).
   rF:        It protects you from fire.
   rC:        It makes you vulnerable to cold.
 A - an amulet of magic regeneration (around neck)
 B - a ring of poison resistance (right front leg)
 D - a ring of protection from cold (on tentacle)
Wands
 s - a wand of paralysis (4)
 x - a wand of roots (6)
 y - a wand of polymorph (5)
 F - a wand of digging (3)
Scrolls
 i - 2 scrolls of blinking
 j - 4 scrolls of enchant armour
 n - 3 scrolls of immolation
 r - 2 scrolls of poison {unknown}
 u - a scroll of vulnerability
 E - 2 scrolls of magic mapping
 H - a scroll of brand weapon {unknown}
Potions
 d - 4 potions of mutation
 e - a potion of berserk rage {unknown}
 f - 3 potions of lignification
 h - a potion of attraction {unknown}
 k - a potion of brilliance
 l - a potion of haste {unknown}
 p - a potion of curing
 z - a potion of ambrosia


   Skills:
 + Level 6.1 Fighting
 + Level 2.5 Axes
 + Level 6.5 Dodging
 - Level 5.1 Unarmed Combat
 + Level 6.0 Spellcasting
 + Level 6.5 Transmutations
 + Level 4.0 Ice Magic
 - Level 5.0 Poison Magic


You had 11 spell levels left.
You knew the following spells:

 Your Spells              Type           Power      Damage    Failure   Level
a - Beastly Appendage     Tmut           60%        N/A       4%          1
b - Wereblood             Tmut           30%        N/A       5%          2
c - Spider Form           Tmut/Pois      27%        N/A       11%         3
d - Ice Form              Ice/Tmut       25%        N/A       30%         4

Your spell library contained the following spells:

 Spells                   Type           Power      Damage    Failure   Level
 Magic Dart               Conj           20%        1d4       26%         1
 Searing Ray              Conj           10%        2d4       36%         2
 Fulminant Prism          Conj/Hex       2%         3d6       88%         4


Dungeon Overview and Level Annotations

Branches:
Dungeon (9/15)             Temple (0/1) D:4
   Lair: D:8-11         Orc: D:9-12

Altars:
Ashenzari
Cheibriados
Elyvilon
Fedhas
Gozag
Hepliaklqana
Okawaru
Qazlal
Vehumet

Shops:
D:1 !   D:3 [   D:7 =

Annotations:
D:3 1 runed translucent door, Crazy Yiuf
D:8 2 transporters, lokiplouj's ghost, novice MiBe


Innate Abilities, Weirdness & Mutations

You are a venomous arachnid creature.
You have poisonous fangs.
You are tiny and dextrous.
Your spellcasting is less reliable in this form.
Your armour is entirely melded.
You are incapable of wielding weapons or throwing items.
You cannot wear most types of armour.
((You are amphibious.))
You can wear up to eight rings at the same time.
((Your skin changes colour to match your surroundings (Stealth+).))
((Your rubbery body absorbs attacks. (AC +1, EV +1)))
((You are camouflaged when in or above water. (Stealth+)))
((You have tentacles for arms and can constrict up to eight enemies at once.))


Message History

You kill the kobold!
No target in view!
You howl as the wereblood boils in your veins!
Your transformation is almost over.
You howl as the wereblood boils in your veins!
You hear a shout!
A troll comes into view.
Casting: Wereblood (safe; 1% risk of failure)
Confirm with . or Enter, or press ? or * to list all spells.
Your blood is freshly infused with primal strength!
Your tentacle spike disappears.
Casting: Wereblood (safe; 1% risk of failure)
Confirm with . or Enter, or press ? or * to list all spells.
You turn into a venomous arachnid creature.
Your +3 whip of draining melds into your body.
Things that are here:
4 gold pieces; a +0 short sword; 6 poisoned darts The troll barely misses you.
The troll misses you. The troll claws you!
You hit the troll but do no damage.
The troll is poisoned.
The troll barely misses you. x2; The troll misses you.
You hit the troll.
The troll looks as sick as possible!
The troll is lightly wounded.
The troll closely misses you. The troll claws you! x2
You hit the troll.
The troll is moderately wounded.
The troll misses you. The troll claws you. The troll misses you.
You barely miss the troll.
The troll is moderately wounded.
The troll barely misses you. The troll closely misses you.
The troll completely misses you.
You bite the troll!
The troll is heavily wounded.
The troll barely misses you. The troll claws you. The troll claws you!
* * * LOW HITPOINT WARNING * * *
Things that are here:
4 gold pieces; a +0 short sword; 6 poisoned darts The troll attacks as you move away!
The troll completely misses you. The troll claws you!
You die...
Your body crumbles into a pile of gold.

.... #.#... ...# ##.##..
...# ###....#. ## #...
#...##..# ...########...
#.####... ..<.......#.#
#.# #### ............#
#.# ###. ......$.$T.#
##.####... ........$s##
#..##...##
.........$####
#.##......
####...##$...#
#.#..#.... #.#######.#
##.........
........##.###...##.....
#..
..........#.#####.... #.
.....##.....### #.... ..
..............###....
##.....#####....#....


You could see a troll (very poisoned).

Vanquished Creatures
  A troll (D:9)
  Grinder (D:4)
  Sigmund (D:4)
  Eustachio (D:5)
  Duvessa (D:6)
  Pargi (D:4)
  3 black bears
  2 ice beasts
  6 orc warriors
  2 ogres (D:6)
  5 centaurs
  A phantom (D:5)
  A kobold brigand (D:9)
  A bullfrog (D:7)
  3 necrophages
  A scorpion (D:4)
  A wight (D:7)
  Dowan (D:6)
  5 killer bees (D:7)
  5 howler monkeys
  6 orc priests
  A gnoll bouda (D:5)
  4 iguanas
  7 orc wizards
  Natasha (thrice) (D:4)
  18 gnolls
  6 adders
  A white imp (D:7)
  2 worms
  2 dart slugs
  22 orcs
  4 bats
  4 endoplasms
  3 giant cockroaches
  11 goblins
  10 hobgoblins
  3 jackals (D:3)
  13 kobolds
  2 quokkas (D:4)
  9 ball pythons
  5 frilled lizards
  3 rats
182 creatures vanquished.

Vanquished Creatures (others)
  12 plants (D:8)
12 creatures vanquished.

Grand Total: 194 creatures vanquished

Notes
Turn   | Place    | Note
-------+----------+-------------------------------------------
     0 | D:1      | croobank the Octopode Transmuter began the quest for the
                  | Orb.
     0 | D:1      | Reached XP level 1. HP: 13/13 MP: 3/3
    15 | D:1      | Found Jisousmyi's Distillery.
    66 | D:1      | Reached XP level 2. HP: 18/18 MP: 5/5
   249 | D:1      | Reached XP level 3. HP: 23/23 MP: 4/6
   284 | D:1      | Learned a level 2 spell: Wereblood
   288 | D:1      | Learned a level 3 spell: Spider Form
  1047 | D:2      | Found a faded altar of an unknown god.
  1129 | D:2      | Reached XP level 4. HP: 16/29 MP: 4/7
  1659 | D:2      | Reached skill level 1 in Poison Magic
  1666 | D:2      | Reached XP level 5. HP: 33/34 MP: 5/9
  2129 | D:3      | Found Leppeoc's Armour Shoppe.
  2175 | D:3      | Found a white marble altar of Elyvilon.
  2318 | D:3      | You fall into a shaft and drop 3 floors!
  2333 | D:5      | Entered Level 5 of the Dungeon
  2342 | D:4      | Noticed Pargi
  2364 | D:4      | Killed Pargi
  2365 | D:4      | Reached XP level 6. HP: 29/41 MP: 7/10
  2409 | D:4      | Noticed a black bear
  2422 | D:4      | Noticed Sigmund
  2565 | D:3      | Found a runed translucent door.
  2566 | D:3      | Noticed Crazy Yiuf
  3233 | D:4      | Found a hazy altar of Hepliaklqana.
  3255 | D:4      | Killed Sigmund
  3256 | D:4      | Reached XP level 7. HP: 41/45 MP: 6/11
  3387 | D:4      | Found an opulent altar of Gozag.
  3390 | D:4      | Noticed Grinder
  3393 | D:4      | Became a worshipper of Gozag Ym Sagoz the Greedy
  3399 | D:4      | Killed Grinder
  3669 | D:4      | Found a staircase to the Ecumenical Temple.
  3679 | D:4      | Reached XP level 8. HP: 37/53 MP: 10/13
  3797 | D:4      | Noticed Natasha
  3804 | D:4      | Killed Natasha
  3812 | D:4      | Noticed Natasha
  3819 | D:4      | Killed Natasha
  3895 | D:4      | Noticed Natasha
  3902 | D:4      | Killed Natasha
  4223 | D:5      | Reached skill level 5 in Unarmed Combat
  4276 | D:5      | Found a broken altar of Ashenzari.
  4968 | D:5      | Noticed Eustachio
  4983 | D:5      | Killed Eustachio
  4984 | D:5      | Reached skill level 5 in Poison Magic
  5027 | D:5      | Learned a level 4 spell: Ice Form
  5131 | D:5      | Reached skill level 5 in Dodging
  5131 | D:5      | Reached skill level 5 in Transmutations
  5131 | D:5      | Reached XP level 9. HP: 53/59 MP: 11/16
  5156 | D:5      | Reached skill level 1 in Ice Magic
  6108 | D:6      | Reached skill level 5 in Fighting
  6108 | D:6      | Reached skill level 5 in Spellcasting
  6235 | D:6      | Found a blossoming altar of Fedhas.
  6264 | D:6      | Found a stormy altar of Qazlal.
  6462 | D:6      | Noticed Duvessa
  6469 | D:6      | Noticed Dowan
  6480 | D:6      | Killed Duvessa
  6482 | D:6      | Killed Dowan
  6951 | D:7      | Found an iron altar of Okawaru.
  6993 | D:7      | Identified a scroll of acquirement
  6993 | D:7      | Acquired the ring "Bemiumma" {Fire Str+5}
  7553 | D:7      | Reached skill level 1 in Axes
  7681 | D:7      | Found Meozeuc's Jewellery Shoppe.
  7689 | D:7      | Bought an amulet of magic regeneration for 330 gold pieces
  7689 | D:7      | Bought a ring of poison resistance for 220 gold pieces
  7968 | D:7      | Found a radiant altar of Vehumet.
  8194 | D:7      | Reached XP level 10. HP: 12/68 MP: 18/18
  9031 | D:7      | Bought a ring of protection from cold for 275 gold pieces
  9096 | D:8      | Found a transporter.
  9098 | D:8      | Found a transporter.
  9138 | D:8      | Noticed lokiplouj's ghost (novice MiBe)
 10002 | D:8      | Found a snail-covered altar of Cheibriados.
 11295 | D:9      | Slain by a troll

Illustrated notes

Levels and vault maps discovered:
D:1:      lightli_iron_boxes, layout_basic, serial_shops,
          nicolae_shop_waterfront, minmay_shallow_snake_nest
D:2:      layout_basic, hellmonk_ecumenical_altar_prayer_group,
          wander_ebering_terrifying_dragon_lair
D:3:      layout_loops_ring, mainiacjoe_overflow_boulevard, serial_shops, shop,
          uniq_crazy_yiuf_cottage
D:4:      layout_rooms, mainiacjoe_overflow_cross_hatched,
          mainiacjoe_overflow_small_starburst, minmay_temple_entry_sparse_star,
          hangedman_abyss_or_decor_passed, kennysheep_nub, uniq_grinder,
          uniq_natasha, uniq_pargi, uniq_sigmund
D:5:      layout_loops_ring, ashenzari_altar_1, uniq_eustachio
D:6:      layout_basic, grunt_temple_overflow_forces_of_nature, uniq_duvessa
D:7:      layout_gridville, okawaru_altar_gauntlet_db,
          mainiacjoe_overflow_concentric_impassable, serial_shops,
          nicolae_lakefront_shop, serial_park_tiny_2,
          nicolae_elevator_lobby_plus
D:8:      layout_cave_pods, kennysheep_slug_shrine, gammafunk_ghost_hive,
          serial_bayou_ford_a, minmay_misc_feat_roman
D:9:      minmay_octagon_keep, layout_rooms, old_standard_altar,
          hangedman_decor_points, st_stairs_4, hangedman_decor_diamond_cutter,
          columned_hall_lemuel

Skill      XL: |  1  2  3  4  5  6  7  8  9 10 |
---------------+-------------------------------+-----
Poison Magic   | 1 2 3 5 |  5.0
Fighting       | 2 3 4 5 6 |  6.1
Dodging        | 3 4 5 6 |  6.5
Transmutations | 3 4 5 6 |  6.5
Spellcasting   | 3 4 5 6 |  6.0
Unarmed Combat | 4 5 |  5.1
Ice Magic      | 3 4 |  4.0
Axes           | 1 2 |  2.5

Action                   |  1- 3 |  4- 6 |  7- 9 | 10-12 || total
-------------------------+-------+-------+-------+-------++-------
Melee: Unarmed           |     7 |     4 |    29 |    45 ||    85
       Constrict         |    14 |    27 |    38 |    10 ||    89
       Kick              |    16 |    25 |    77 |    11 ||   129
       Tentacles         |     8 |    18 |    49 |    18 ||    93
       Punch             |     1 |     2 |     8 |     3 ||    14
       Whip              |    40 |    80 |   189 |    50 ||   359
 Fire: Sling             |       |       |    12 |       ||    12
 Cast: Beastly Appendage |    19 |    22 |    32 |     8 ||    81
       Wereblood         |     5 |    15 |    26 |     9 ||    55
       Spider Form       |       |     1 |     4 |     9 ||    14
Evoke: Wand              |       |       |     7 |    11 ||    18
  Use: Scroll            |       |     7 |     5 |     2 ||    14
       Potion            |       |     1 |     4 |     2 ||     7
 Stab: Sleeping          |     5 |     2 |     3 |     2 ||    12
       Paralysed         |       |       |     9 |       ||     9
       Distracted        |       |       |     4 |     1 ||     5
Armor: Skin              |     6 |     5 |    13 |    11 ||    35
Dodge: Dodged            |    28 |    60 |   171 |   131 ||   390
